AoeStats
← CazadorGT

Nomad

506258107Analyzed
4v4 RM · 20d ago on Sep 12, 2026· 43m 47s· 8 players
Game mode
Random Map
Map size
231×231
Population
200
Speed
Normal
Resources
Standard
Victory
Conquest
Starting age
Dark Age
Ending age
Imperial Age
RankedLock teamsTeams togetherTeam positionsShared explorationLock speedFull tech treeHidden civsTurbo modeCheats
Victory
Defeat
🇲🇽 Wu · Mexico
1286
+11
🇸🇪 Koreans · Sweden
1211
+14
🇦🇷 Spanish · Argentina
1209
+14
🇦🇷 Slavs · Argentina
1135
+17
🇬🇹 Mongols · Guatemala
1354
-22
🇬🇹 Persians · Guatemala
1183
-15
🇪🇸 Saracens · Spain
1064
-10
🇬🇹 Malians · Guatemala
1041
-9
Garrón Husita
5:45 Loom
13:47 Feudal Age
18:07 Castle Age
17:20 Wheelbarrow
16:54 Double-Bit Axe
22:22 Padded Archer Armor
26:06 Husbandry
26:22 Bloodlines
27:26 Horse Collar
27:46 Gold Mining
29:35 Leather Archer Armor
31:40 Bow Saw
31:35 Heavy Plow
35:27 Stone Mining
40:17 Imperial Age
41:36 Hand Cart
41:16 Town Watch
42:11 Stone Shaft Mining
42:37 Two-Man Saw
41:56 Scale Barding Armor
42:02 Forging
42:45 Cavalier
44:32 Chain Barding Armor
xblxavier
5:19 Loom
15:43 Feudal Age
19:47 Gold Mining
19:44 Double-Bit Axe
20:08 Fishing Lines
22:50 Castle Age
21:24 Stone Mining
22:19 Fletching
23:34 Bodkin Arrow
23:31 Gillnets
23:53 Medium Warships
23:59 Bow Saw
25:10 Gold Shaft Mining
25:14 Stone Shaft Mining
27:04 Wheelbarrow
27:03 Scale Mail Armor
27:13 Forging
28:22 Ballistics
28:22 Squires
28:10 Arson
28:46 Chain Mail Armor
29:52 Hand Cart
34:57 Imperial Age
32:48 Horse Collar
34:40 Red Cliffs Tactics
34:48 Town Watch
36:04 Guilds
36:55 Bracer
37:20 Padded Archer Armor
37:46 Conscription
37:42 Heavy Plow
38:50 Sitting Tiger
39:21 Leather Archer Armor
40:29 Elite Fire Archer
43:16 Chemistry
42:28 Masonry
42:13 Murder Holes
scarabe
10:36 Loom
13:10 Feudal Age
13:49 Double-Bit Axe
15:36 Town Watch
18:58 Castle Age
18:08 Town Watch
20:19 Fletching
22:47 Forging
23:36 Scale Mail Armor
29:22 Ballistics
28:59 Murder Holes
31:48 Horse Collar
33:08 Bodkin Arrow
38:54 Imperial Age
39:52 Wheelbarrow
41:24 Chemistry
41:02 Bracer
SINAPODO
11:22 Loom
13:20 Feudal Age
13:35 Man-at-Arms
21:55 Castle Age
21:07 Horse Collar
21:52 Double-Bit Axe
25:21 Heavy Plow
26:40 Stone Mining
27:03 Scale Barding Armor
28:37 Bloodlines
28:28 Husbandry
30:02 Forging
29:54 Detinets
34:16 Chain Barding Armor
34:44 Husbandry
37:11 Iron Casting
37:17 Wheelbarrow
36:27 Town Watch
40:52 Imperial Age
40:27 Gold Mining
42:37 Plate Barding Armor
41:43 Elite Boyar
CazadorGT
7:24 Loom
14:30 Feudal Age
15:09 Double-Bit Axe
15:33 Fishing Lines
19:39 Castle Age
17:41 Gold Mining
18:24 Forging
18:39 Scale Mail Armor
19:40 Fletching
19:51 Stone Mining
20:34 Bow Saw
21:04 Iron Casting
20:47 Gillnets
22:23 Chain Mail Armor
22:57 Gold Shaft Mining
22:29 Squires
23:43 Bodkin Arrow
27:37 Wheelbarrow
26:49 Town Watch
34:25 Imperial Age
36:16 Chemistry
37:02 Plate Mail Armor
39:53 Conscription
42:32 Onager
[XEVER]_AlarconFalcon
3:48 Loom
13:47 Feudal Age
17:47 Castle Age
17:09 Double-Bit Axe
17:22 Stone Mining
17:22 Gold Mining
21:27 Wheelbarrow
22:02 Fletching
22:14 Padded Archer Armor
24:00 Bodkin Arrow
34:47 Leather Archer Armor
34:34 Fishing Lines
38:36 Imperial Age
36:58 Bow Saw
36:41 Gold Mining
39:44 Bracer
40:08 Conscription
42:55 Chemistry
42:15 Ballistics
43:57 Gold Shaft Mining
43:12 Horse Collar
Fabrizio
4:07 Loom
13:14 Feudal Age
14:26 Wheelbarrow
14:19 Double-Bit Axe
14:59 Town Watch
16:15 Forging
23:40 Castle Age
44:10 Bloodlines
Kiko de la Rica
4:29 Loom
14:46 Feudal Age
19:09 Castle Age
19:55 Horse Collar
20:06 Fishing Lines
20:16 Double-Bit Axe
22:28 Elite Skirmisher
24:20 Fletching
29:16 Padded Archer Armor
29:11 Bodkin Arrow
30:18 Heavy Plow
31:13 Wheelbarrow
30:53 Crossbowman
37:26 Gillnets
39:34 Thumb Ring
Connection lost

Rejoining the realm…

Still unreachable

The connection could not be restored.

Session expired

The server has moved on; the page needs a fresh start.